 Dungeon Crawl Stone Soup version 0.30-a0-223-gcb0039aa0c (webtiles) character file.

Game seed: 4545868150067307067

205 qw the Chopper (level 5, -6/33 HPs)
             Began as a Gargoyle Fighter on Oct 9, 2022.
             Mangled by a gnoll
             ... wielding a +0 halberd
              (9 damage)
             ... on level 3 of the Dungeon.
             The game lasted 00:00:47 (2184 turns).

qw the Chopper (Gargoyle Fighter)                   Turns: 2184, Time: 00:00:47

Health: -6/33      AC: 16    Str: 21    XL:     5   Next: 83%
Magic:  5/5        EV:  5    Int:  9    God:
Gold:   120        SH:  4    Dex:  9    Spells: 4/4 levels left

rFire   . . .      SeeInvis .    Y - +0 war axe
rCold   . . .      Faith    .    c - +0 buckler
rNeg    + . .      Spirit   .    f - +1 plate armour {rPois}
rPois   inf        Reflect  .    (no helmet)
rElec   +          Harm     .    (no cloak)
rCorr   .          Rampage  .    (no gloves)
Will    .....                    (no boots)
Stlth   ..........               (no amulet)
HPRegen 0.25/turn                (no ring)
MPRegen 0.09/turn                (no ring)

@: no status effects
A: sickness immunity, AC +4, negative energy resistance 1, electricity
resistance, torment resistance 1, petrification resistance
a: no special abilities


You were on level 3 of the Dungeon.
You visited 1 branch of the dungeon, and saw 3 of its levels.

You collected 120 gold pieces.


Innate Abilities, Weirdness & Mutations

You are immune to sickness and miasma.
Your stone body is resilient. (AC +4)
You are immune to poison.
You resist negative energy. (rN+)
You are resistant to electric shocks. (rElec)
You are resistant to unholy torment.
You are immune to petrification.


   Skills:
 - Level 4.0 Fighting
 + Level 5.0 Axes
 - Level 3.2 Armour
 - Level 3.2 Shields


You had 4 spell levels left.
You didn't know any spells.
Your spell library was empty.

Inventory:

Hand Weapons
 j - a +0 whip
 Y - a +0 war axe (weapon)
Missiles
 g - a boomerang (quivered)
Armour
 c - a +0 buckler (worn)
 f - a +1 plate armour of poison resistance (worn)
Jewellery
 a - a +4 ring of protection
Scrolls
 h - a scroll of identify {unknown}
Potions
 b - 2 potions of haste
 d - 2 potions of might
 e - a potion of curing
 i - 2 potions of heal wounds
 l - a potion of mutation {unknown}
 m - a potion of brilliance {unknown}
 n - a potion of lignification {unknown}
 q - 2 potions of degeneration {unknown}

Dungeon Overview and Level Annotations

Branches:
Dungeon (3/15)

Altars:
Ru

Shops:
D:1 (


Message History

The gnoll hits you but does no damage.
You slash the gnoll!
You kill the gnoll!
You start resting.
HP restored.
A gnoll comes into view. It is wielding a +0 spear.
The gnoll hits you from afar with a +0 spear! 2 gnolls come into view.
The gnoll shouts! x2
The gnoll hits you with a +0 spear.
You hit the gnoll.
The gnoll is lightly wounded.
The gnoll hits you but does no damage.
You completely miss the gnoll.
The gnoll is lightly wounded.
You slash the gnoll! The gnoll hits you with a +0 flail!
The gnoll barely misses you. x2
You closely miss the gnoll.
The gnoll is severely wounded.
You slash the gnoll!
The gnoll hits you but does no damage. x2; The gnoll barely misses you.
The gnoll hits you but does no damage. You block the gnoll's attack.
The gnoll hits you but does no damage.
You slash the gnoll!
You kill the gnoll!
You hit the gnoll. You block the gnoll's attack. The gnoll barely misses you.
You hit the gnoll.
You kill the gnoll!
The gnoll hits you from afar with a +0 halberd!
Your Fighting skill increases to level 4!
The gnoll hits you but does no damage.
You see here a +0 flail.
You hit the gnoll.
The gnoll is heavily wounded.
The gnoll hits you with a +0 halberd.
You barely miss the gnoll.
The gnoll is heavily wounded.
The gnoll hits you with a +0 halberd! x2
You die...

##..........###
##............#
##.######.###.###
##.######........
##.#.....###.#####
##.#.###.# ....#
.....###.# ##.#
##....>..# ####g#
#.####### #.##@###
#.......####.##)..#
##.####.##....####.##
...)..#.##.##....#.)#
##.##.#....#####.##.#
##..#.####%...#.....#
.#.....# #.##.#..####
.#..#..# #.# ####
.#..#..# #..


You could see a gnoll.

Vanquished Creatures
  Terence (D:2)
  Natasha (twice) (D:2)
  An orc wizard (D:3)
  2 adders
  3 gnolls (D:3)
  2 worms
  2 orcs (D:3)
  4 bats
  4 endoplasms
  2 giant cockroaches (D:1)
  4 hobgoblins
  5 kobolds
  4 quokkas
  5 ball pythons
  3 frilled lizards
  2 goblins
  7 rats
53 creatures vanquished.

Vanquished Creatures (others)
  A plant (D:2)
1 creature vanquished.

Grand Total: 54 creatures vanquished

Notes
Turn   | Place    | Note
-------+----------+-------------------------------------------
     0 | D:1      | qw the Gargoyle Fighter began the quest for the Orb.
     0 | D:1      | Reached XP level 1. HP: 14/14 MP: 1/1
     0 | D:1      | 0 ||| qw: Version: 0.2-a-17-g06abaee
     0 | D:1      | 0 ||| qw: Game counter: 2103
     0 | D:1      | 0 ||| qw: Always use a shield: true
     0 | D:1      | 0 ||| qw: God list: Okawaru
     0 | D:1      | 0 ||| qw: Allow faded altars: false
     0 | D:1      | 0 ||| qw: Do Orc after D:15 true
     0 | D:1      | 0 ||| qw: Do second Lair branch before Depths: true
     0 | D:1      | 0 ||| qw: Lair rune preference: random
     0 | D:1      | 0 ||| qw: Plans: Normal, Zot:1-4, God:TSO, Crypt, Tomb,
                  | Pan, Slime:5, Hells, Abyss, Orb
     0 | D:1      | 0 ||| PLANNING D:1-11
    19 | D:1      | Found Yssaux's Weapon Shop.
    27 | D:1      | 27 ||| SHOPLISTING +0 club (12 gold, have 0).
    36 | D:1      | Reached skill level 2 in Axes
   206 | D:1      | Reached XP level 2. HP: 19/19 MP: 2/2
   636 | D:1      | 636 ||| UPGRADING to +1 plate armour of poison resistance.
   646 | D:1      | 646 ||| DROPPING +0 scale mail.
   647 | D:1      | 647 ||| DROPPING +6 ring of intelligence.
   648 | D:1      | 648 ||| READING scroll labelled ZOUTISE KUIBA.
   649 | D:1      | 649 ||| READING scroll labelled KAARCHUDGH BEONN.
   650 | D:1      | 650 ||| DRINKING 2 blue potions.
   651 | D:1      | 651 ||| DRINKING 2 white potions.
   669 | D:2      | 669 ||| STAIRDANCE
   675 | D:2      | 675 ||| STAIRDANCE
   736 | D:2      | Reached skill level 3 in Axes
   861 | D:2      | Found a faded altar of an unknown god.
   947 | D:2      | Noticed Terence
   948 | D:2      | 948 ||| Stepping ~*~*~tactically~*~*~ (hiding).
   949 | D:2      | 949 ||| Stepping ~*~*~tactically~*~*~ (hiding).
   950 | D:2      | 950 ||| Stepping ~*~*~tactically~*~*~ (hiding).
   959 | D:2      | Reached XP level 3. HP: 8/23 MP: 3/3
   968 | D:2      | HP: 5/23 [Terence/+0 trident (4)]
   969 | D:2      | 969 ||| DRINKING 2 potions of heal wounds.
   970 | D:2      | Killed Terence
   971 | D:2      | Reached XP level 4. HP: 28/28 MP: 4/4
  1083 | D:2      | Noticed Natasha
  1100 | D:2      | Killed Natasha
  1101 | D:2      | Reached skill level 4 in Axes
  1352 | D:2      | Noticed Natasha
  1360 | D:2      | Killed Natasha
  1361 | D:2      | Reached XP level 5. HP: 28/32 MP: 5/5
  1575 | D:2      | 1575 ||| READING scroll labelled JOLUACRA UWNE.
  1597 | D:2      | 1597 ||| READING scroll labelled YHEKHI HESOKHLO.
  1598 | D:2      | 1598 ||| READING scroll labelled RUNTYO IMEWKA.
  1599 | D:2      | 1599 ||| READING scroll labelled QOIGHU XAENESS.
  1603 | D:2      | 1603 ||| READING scroll labelled ZEJ JICE DAQONUAC.
  1650 | D:3      | 1650 ||| FLEEEEING.
  1652 | D:3      | 1652 ||| Stepping ~*~*~tactically~*~*~ (stealth).
  1655 | D:3      | 1655 ||| Stepping ~*~*~tactically~*~*~ (stealth).
  1704 | D:3      | 1704 ||| Stepping ~*~*~tactically~*~*~ (stealth).
  1837 | D:3      | Found a sacrificial altar of Ru.
  1849 | D:3      | Reached skill level 5 in Axes
  2130 | D:3      | 2130 ||| Stepping ~*~*~tactically~*~*~ (hiding).
  2184 | D:3      | HP: 3/33 [gnoll/+0 halberd (7)]
  2184 | D:3      | Mangled by a gnoll

Levels and vault maps discovered:
D:1:      wander_arrival_chamber, layout_loops_cross, serial_shops, shop,
          chequers_serial_rivers_micro_d, serial_park_tiny_2, minmay_ruptured
D:2:      layout_basic, dreamdust_ecumenical_altar_grove, grunt_ministairs_8,
          uniq_terence, uniq_natasha
D:3:      layout_basic, nicolae_ru_great_annihilating_truth

Skill      XL: |  1  2  3  4  5 |
---------------+----------------+-----
Axes           | 2 3 4 5 |  5.0
Fighting       | 4 |  4.0
Armour         | |  3.2
Shields        | |  3.2

Action                   |  1- 3 |  4- 6 || total
-------------------------+-------+-------++-------
Melee: War axe           |    56 |   103 ||   159
Throw: Boomerang         |    11 |    31 ||    42
  Use: Potion            |     3 |       ||     3
       Scroll            |     2 |     5 ||     7
 Stab: Paralysed         |       |     1 ||     1
Armor: Scale mail        |    14 |       ||    14
       Plate armour      |    24 |    71 ||    95
Dodge: Dodged            |    21 |    26 ||    47
Block: Buckler           |    10 |    17 ||    27

Table legend:
 A = Non-vault XP
 B = Vault XP
 C = Vault XP percentage of total XP
 D = Non-vault monster count
 E = Vault monster count
 F = Vault count percentage of total count
                 A         B        C        D         E       F
            +---------+---------+-------+---------+---------+-------
      Total |     170 |     123 |  42.0 |      42 |      11 |  20.8
            +---------+---------+-------+---------+---------+-------
        D:1 |      15 |       4 |  21.1 |       8 |       3 |  27.3
        D:2 |      75 |      79 |  51.3 |      19 |       4 |  17.4
        D:3 |      80 |      40 |  33.3 |      15 |       4 |  21.1
            +---------+---------+-------+---------+---------+-------
